 Dungeon Crawl Stone Soup version 0.17-a0-2055-gb4e23be (webtiles) character file.

3739 SlimeFever the Nimble (level 9, -2/69 HPs)
             Began as a Demonspawn Monk on Oct 11, 2015.
             Was an Initiate of Ru.
             Slain by Joseph
             ... wielding a +0 quarterstaff
              (15 damage)
             ... on level 8 of the Dungeon.
             The game lasted 00:45:41 (7578 turns).

SlimeFever the Nimble (Demonspawn Monk)             Turns: 7578, Time: 00:45:41

Health: -2/69      AC:  7    Str: 14    XL:     9   Next: 93%
Magic:  9/9        EV: 17    Int: 12    God:    Ru [......]
Gold:   117        SH:  0    Dex: 14    Spells: 0 memorised, 8 levels left

rFire  . . .     SeeInvis +       - Unarmed
rCold  . . .     Clarity  .     J - +2 robe {rN+}
rNeg   + . .     SustAt   .     (no shield)
rPois  +         Gourm    .     (helmet restricted)
rElec  .         Spirit   .     q - +0 cloak
rCorr  .         Warding  .     (no gloves)
rMut   .         Stasis   .     (no boots)
MR     .....                    r - amulet of faith
Stlth  ..........               v - ring of poison resistance
                                E - ring of see invisible

@: not resistant to hostile enchantments, extremely unstealthy
A: claws 2, horns 1, yellow scales 1, clumsy 1, spit poison 1, rot immunity, no
stealth
a: Spit Poison, Renounce Religion


You were on level 8 of the Dungeon.
You worshipped Ru.
Ru was noncommittal.
You were not hungry.

You visited 2 branches of the dungeon, and saw 9 of its levels.

You collected 294 gold pieces.
You spent 177 gold pieces at shops.

Inventory:

Hand Weapons
 a - a +1 shortbow
 C - a +1 blowgun
Missiles
 f - 183 arrows
 g - 9 arrows of flame
 h - 12 tomahawks (quivered)
 k - 19 poisoned needles
 m - 50 sling bullets
 G - 6 needles of confusion
Armour
 q - a +0 cloak (worn)
 J - a +2 robe of positive energy (worn)
Jewellery
 j - an uncursed ring of protection from cold
 r - an amulet of faith (around neck)
 t - an uncursed amulet of warding
 v - a ring of poison resistance (right claw)
 y - an uncursed amulet of clarity
 E - a ring of see invisible (left claw)
Wands
 p - a wand of magic darts (13)
 x - a wand of magic darts (24)
 z - a wand of lightning (9)
 A - a wand of slowing (11)
 F - a wand of flame (33)
 I - a wand of paralysis (0)
Scrolls
 i - a scroll of identify
 n - a scroll of recharging
 o - a scroll of blinking
 s - 3 scrolls of remove curse
 u - a scroll of teleportation
 w - a scroll of fog {unknown}
Potions
 c - 2 potions of lignification
 e - a potion of brilliance
 B - 2 potions of magic
 H - a potion of heal wounds {unknown}
Comestibles
 b - 6 bread rations
 d - 5 fruits
 l - 2 beef jerkies
 D - a slice of pizza


   Skills:
 + Level 6.1 Fighting
 + Level 0.1 Throwing
 + Level 2.7 Armour
 * Level 8.8 Dodging
 * Level 8.6 Unarmed Combat


You had 8 spell levels left.
You didn't know any spells.

Dungeon Overview and Level Annotations

Branches:
Dungeon (8/15)             Temple (1/1) D:6
   Lair: D:8-11

Altars:
Ashenzari
Cheibriados
Dithmenos
Elyvilon
Fedhas
Gozag
Kikubaaqudgha
Makhleb
Nemelex Xobeh
Okawaru
Qazlal
Ru
Sif Muna
Trog
Vehumet
Xom
Yredelemnul
Zin
The Shining One

Shops:
D:4 (   D:5 ***

Annotations:
D:6 Prince Ribbit
D:8 Joseph


Innate Abilities, Weirdness & Mutations

You have very sharp fingernails.
You are partially covered in yellow scales (AC +2).
You are immune to rotting.
You cannot be stealthy.
You have a pair of small horns on your head.
You are clumsy. (Dex -2)
You can spit weak poison.


Message History

You closely miss Joseph.
Joseph is heavily wounded.
Joseph hits you with an uncursed quarterstaff!
You scratch Joseph.
Joseph is heavily wounded.
Joseph hits you with an uncursed quarterstaff.
You scratch Joseph.
Joseph is heavily wounded.
You scratch Joseph but do no damage.
Joseph is heavily wounded.
Joseph misses you.
You claw Joseph!
Joseph is severely wounded.
Joseph hits you with an uncursed quarterstaff!
* * * LOW HITPOINT WARNING * * *
You scratch Joseph.
Joseph is severely wounded.
Joseph says, "You will never get the ORB, sorry."
Joseph hits you with an uncursed quarterstaff!
You die...

#.# ##### #.
####'##....# #.
#.[.....# #. #.......#
#. #.......##. #.
#...(..###. #.
#......# #.####.
#######......# #......
#...@@(......# #......
#............###......
#.......>.............
+.....................
#.........#######.....
#.....>...# #.....
#.........# ######
#.....!...#


You could see Joseph.

Vanquished Creatures
  Pikel (D:7)
  Grinder (D:3)
  Sigmund (D:2)
  Edmund (D:6)
  An orc warrior (D:6)
  Duvessa (D:5)
  2 black bears (D:8)
  2 ogres
  2 slaves (D:7)
  3 phantoms
  A sky beast (D:5)
  A crocodile (D:7)
  2 centaurs
  2 giant frogs
  2 scorpions
  Dowan (D:5)
  4 killer bees (D:7)
  A giant frog zombie (D:8)
  3 crimson imps
  3 jellies
  6 orc priests (D:6)
  9 orc wizards
  2 giant frog skeletons
  2 iguanas (D:5)
  3 worker ants
  A hound zombie (D:8)
  11 adders
  2 shadow imps
  3 oozes
  2 adder zombies
  An adder skeleton (D:7)
  2 worms (D:3)
  2 giant geckos
  24 orcs
  A bat (D:1)
  3 giant cockroaches
  9 hobgoblins
  13 jackals
  4 ball pythons
  A ball python skeleton (D:4)
  5 giant newts
  10 goblins
  8 kobolds
  5 quokkas
  10 rats
174 creatures vanquished.

Vanquished Creatures (others)
  An orc warrior (D:7)
  An orc priest (D:7)
2 creatures vanquished.

Grand Total: 176 creatures vanquished

Notes
Turn   | Place    | Note
--------------------------------------------------------------
     0 | D:1      | SlimeFever the Demonspawn Monk began the quest for the Orb.
     0 | D:1      | Reached XP level 1. HP: 18/18 MP: 1/1
   506 | D:1      | Gained mutation: You have sharp fingernails. [demonic ancestry]
   506 | D:1      | Reached XP level 2. HP: 24/24 MP: 2/2
   692 | D:1      | Reached skill level 4 in Unarmed Combat
  1003 | D:2      | Gained mutation: You are immune to rotting. [demonic ancestry]
  1003 | D:2      | Reached XP level 3. HP: 29/29 MP: 3/3
  1016 | D:2      | Noticed Sigmund
  1025 | D:2      | Killed Sigmund
  1025 | D:2      | Gained mutation: You have very sharp fingernails. [demonic ancestry]
  1025 | D:2      | Reached XP level 4. HP: 31/35 MP: 4/4
  1025 | D:2      | Reached XP level 5. HP: 36/41 MP: 5/5
  1414 | D:2      | Reached skill level 5 in Unarmed Combat
  1900 | D:3      | Reached XP level 6. HP: 36/47 MP: 6/6
  2127 | D:3      | Noticed Grinder
  2130 | D:3      | Paralysed by Grinder for 6 turns
  2557 | D:3      | Paralysed by Grinder for 6 turns
  2573 | D:3      | Paralysed by Grinder for 3 turns
  2579 | D:3      | Killed Grinder
  2893 | D:4      | Reached XP level 7. HP: 50/53 MP: 7/7
  2933 | D:4      | Found Oppalun's Antique Weapon Emporium.
  2979 | D:4      | Reached skill level 6 in Unarmed Combat
  3531 | D:5      | Entered Level 5 of the Dungeon
  3548 | D:5      | Found Plog's Assorted Antiques.
  3646 | D:5      | Found Tomauwni's Assorted Antiques.
  3651 | D:5      | Noticed Duvessa
  3652 | D:5      | Noticed Dowan
  3669 | D:5      | Killed Dowan
  3669 | D:5      | Reached skill level 5 in Dodging
  3683 | D:5      | Killed Duvessa
  3698 | D:5      | Bought a pearl ring for 115 gold pieces
  3702 | D:5      | Found Oxut Lea's General Store.
  4074 | D:5      | Gained mutation: You are partially covered in yellow scales (AC +2). [demonic ancestry]
  4074 | D:5      | Reached XP level 8. HP: 52/61 MP: 8/8
  4188 | D:5      | Bought a glowing leather armour for 62 gold pieces
  4949 | D:6      | Reached skill level 1 in Armour
  5120 | D:6      | Reached skill level 5 in Fighting
  5213 | D:6      | Gained mutation: You can spit weak poison. [potion of mutation]
  5213 | D:6      | Gained mutation: You are clumsy. (Dex -2) [potion of mutation]
  5213 | D:6      | Gained mutation: You have a pair of small horns on your head. [potion of mutation]
  5230 | D:6      | Reached skill level 7 in Unarmed Combat
  5601 | D:6      | Noticed Edmund
  5618 | D:6      | Killed Edmund
  5680 | D:6      | Found a staircase to the Ecumenical Temple.
  5681 | D:6      | Noticed Prince Ribbit
  5724 | Temple   | Entered the Ecumenical Temple
  5764 | Temple   | Became a worshipper of Ru the Awakened
  5785 | Temple   | Gained mutation: You cannot be stealthy. [Ru sacrifice]
  6030 | D:6      | Reached XP level 9. HP: 50/68 MP: 9/9
  6282 | D:7      | HP: 3/69 [poisoned by a killer bee]
  6546 | D:7      | Noticed Pikel
  6592 | D:7      | Reached skill level 8 in Unarmed Combat
  6659 | D:7      | Paralysed by Pikel for 4 turns
  7073 | D:7      | Paralysed by Pikel for 2 turns
  7083 | D:7      | Killed Pikel
  7441 | D:8      | Found a bloodstained altar of Trog.
  7562 | D:8      | Noticed Joseph
  7578 | D:8      | Slain by Joseph

Vault maps used:
D:1:      dpeg_arrival_rooms_c
D:2:      first_bread, uniq_sigmund
D:3:      uniq_grinder
D:4:      serial_shops, shop
D:5:      serial_shops, shop, nicolae_shop_waterfront, shop,
          corexii_hall_statues_u, uniq_duvessa
D:6:      minmay_temple_entry_purple_smoke, uniq_edmund, uniq_prince_ribbit1
D:7:      uniq_pikel
D:8:      trog_ov_bears_minmay, uniq_joseph, uniq_erica
Temple:   kilobyte_greek_temple_18

Action                   |  1- 3 |  4- 6 |  7- 9 || total
-------------------------+-------+-------+-------++-------
Melee: Unarmed           |    81 |   140 |   463 ||   684
 Fire: Shortbow          |       |       |    10 ||    10
       Blowgun           |       |       |     1 ||     1
Throw: Tomahawk          |       |     2 |       ||     2
Invok: Sacrifice Stealth |       |       |     1 ||     1
 Abil: Spit Poison       |       |       |     1 ||     1
  Use: Scroll            |     2 |     7 |     9 ||    18
       Potion            |       |     1 |     3 ||     4
 Stab: Sleeping          |     8 |     7 |     2 ||    17
  Eat: Bread ration      |       |     1 |     2 ||     3
       Meat ration       |       |     1 |     1 ||     2
